 Dungeon Crawl Stone Soup version 0.26-a0-665-gefeb406119 (webtiles) character file.

Game seed: 6891095897673506926

227 jasper the Chopper (level 5, -5/48 HPs)
             Began as a Palentonga Necromancer on Oct 13, 2020.
             Was a Follower of Cheibriados.
             Slain by an ogre
             ... wielding a +0 giant club
              (16 damage)
             ... on level 4 of the Dungeon.
             The game lasted 00:06:11 (2714 turns).

jasper the Chopper (Palentonga Necromancer)         Turns: 2714, Time: 00:06:12

Health: -5/48      AC:  4    Str: 15    XL:     5   Next: 70%
Magic:  5/8        EV:  9    Int: 18    God:    Cheibriados [*.....]
Gold:   162        SH:  3    Dex: 14    Spells: 6/8 levels left

rFire    x . .     SeeInvis +   c - +0 hand axe
rCold    + . .     Faith    .   x - +0 buckler
rNeg     . . .     Spirit   .   a - +0 robe
rPois    .         Reflect  .   (no helmet)
rElec    .         Harm     .   (no cloak)
rCorr    .         Rampage  .   (no gloves)
MR       .....                  (no barding)
Stlth    +.........             h - amulet of regeneration
HPRegen  0.56/turn              b - ring of attention (curse)
MPRegen  0.11/turn              A - ring of ice

@: very slightly contaminated, invisible, very slow
A: large, rugged brown scales 3, see invisible, deformed body, roll, armoured
tail
a: Rolling Charge, Bend Time, Renounce Religion


You were on level 4 of the Dungeon.
You worshipped Cheibriados.
Cheibriados was aware of your devotion.
You visited 1 branch of the dungeon, and saw 4 of its levels.

You collected 162 gold pieces.

Inventory:

Hand Weapons
 c - a +0 hand axe (weapon)
Missiles
 q - 58 stones (quivered)
 v - 13 poisoned darts
Armour
 a - a +0 robe (worn)
 d - a +0 ring mail
 l - a +0 scale mail
 x - a +0 buckler (worn)
Jewellery
 b - a cursed ring of attention (left hand)
 h - an amulet of regeneration (around neck)
 j - an uncursed amulet of faith {unknown}
 A - a ring of ice (right hand)
Scrolls
 e - 2 scrolls of amnesia {unknown}
 g - a scroll of magic mapping {unknown}
 m - 2 scrolls of identify {unknown}
 n - a scroll of blinking {unknown}
 o - 3 scrolls of teleportation {unknown}
 t - a scroll of fear {unknown}
 u - 2 scrolls of enchant armour {unknown}
 w - a scroll of enchant weapon {unknown}
 y - a scroll of fog {unknown}
 z - a scroll of noise {unknown}
Potions
 k - a potion of curing
 p - a potion of mutation {unknown}
 r - a potion of magic {unknown}
 s - a potion of cancellation {unknown}


   Skills:
 - Level 3.0 Fighting
 * Level 4.5 Axes
 - Level 1.5 Dodging
 - Level 1.2 Stealth
 - Level 2.0 Spellcasting
 - Level 4.0 Necromancy


You had 6 spell levels left.
You knew the following spells:

 Your Spells              Type           Power        Failure   Level
a - Pain                  Necr           ###.         6%          1
b - Animate Skeleton      Necr           ###...       6%          1

Your spell library contained the following spells:

 Spells                   Type           Power        Failure   Level
 Vampiric Draining        Necr           ###.......   17%         3
 Animate Dead             Necr           ###.......   50%         4
 Agony                    Necr           ###.....     85%         5


Dungeon Overview and Level Annotations

Branches:
Dungeon (4/15)
 Temple: D:4-7

Altars:
Cheibriados
Elyvilon
Gozag
Kikubaaqudgha
Uskayaw
Yredelemnul
The Shining One


Innate Abilities, Weirdness & Mutations

You are completely covered in rugged brown scales. (AC +3, +7% HP)
You have supernaturally acute eyesight. (SInv)
Armour fits poorly on your strangely shaped body.
You can roll at foes to attack.
You have a long armoured tail.


Message History

You fade into invisibility!
The ogre hits you with a +0 giant spiked club!
* * * LOW HITPOINT WARNING * * *
You are very lightly contaminated with residual magic.
You take 7 damage, and have 11/48 hp.
Unknown command.
The ogre closely misses you.
Things that are here:
a +0 spear; a +0 leather armour The ogre barely misses you.
The ogre hits you with a +0 giant spiked club!
* * * LOW HITPOINT WARNING * * *
You take 14 damage, and have 3/48 hp.
MASSIVE DAMAGE!!
There is a stone staircase leading down here.
You see here a robe.
The ogre hits you but does no damage.
A frilled lizard comes into view.
The frilled lizard hisses angrily.
The frilled lizard closely misses you. The ogre hits you with a +0 giant club!
You die...

#...##..####
#.#####........)..
#..........#######
##..####>...#
#...###....##
#..##...####
..#.[### #l#O##
#@#.# #O#.# #.O.#
#..### #..# #...
...# ...## .##.


You could see 2 ogres and a frilled lizard.

Vanquished Creatures
  A scorpion (D:4)
  An orc wizard (D:3)
  7 adders
  An adder skeleton (D:4)
  3 dart slugs
  2 leopard geckos (D:2)
  6 orcs
  5 bats
  5 giant cockroaches
  8 goblins
  6 hobgoblins
  3 jackals (D:3)
  7 kobolds
  3 quokkas (D:3)
  A ball python (D:2)
  6 frilled lizards
  8 rats
73 creatures vanquished.

Vanquished Creatures (collateral kills)
  An orc (D:3)
1 creature vanquished.

Grand Total: 74 creatures vanquished

Notes
Turn   | Place    | Note
-------+----------+-------------------------------------------
     0 | D:1      | jasper the Palentonga Necromancer began the quest for the
                  | Orb.
     0 | D:1      | Reached XP level 1. HP: 14/14 MP: 3/3
   420 | D:1      | Reached skill level 1 in Fighting
   568 | D:1      | Reached XP level 2. HP: 24/24 MP: 5/5
   572 | D:1      | Reached skill level 1 in Axes
   860 | D:2      | Reached XP level 3. HP: 26/31 MP: 0/6
  1240 | D:2      | Found a hide-covered altar of Uskayaw.
  1241 | D:2      | Found an opulent altar of Gozag.
  1243 | D:2      | Found a glowing golden altar of the Shining One.
  1245 | D:2      | Reached XP level 4. HP: 39/39 MP: 7/7
  1248 | D:2      | Found an ancient bone altar of Kikubaaqudgha.
  1254 | D:2      | Found a white marble altar of Elyvilon.
  1254 | D:2      | Found a basalt altar of Yredelemnul.
  1257 | D:2      | Found a snail-covered altar of Cheibriados.
  1261 | D:2      | Became a worshipper of Cheibriados the Contemplative
  1818 | D:3      | Learned a level 1 spell: Animate Skeleton
  1875 | D:3      | Reached * piety under Cheibriados
  2304 | D:4      | Reached XP level 5. HP: 48/48 MP: 5/8
  2678 | D:4      | Noticed an ogre
  2679 | D:4      | Noticed an ogre
  2714 | D:4      | Slain by an ogre

Illustrated notes

Levels and vault maps discovered:
D:1:      mainiacjoe_arrival_reflecting_pool, layout_rooms
D:2:      layout_loops_ring, grunt_temple_overflow_octagram
D:3:      layout_rooms
D:4:      layout_rooms, grunt_decor_one_mirror, uniq_blork_the_orc, uniq_ijyb

Skill      XL: |  1  2  3  4  5 |
---------------+----------------+-----
Fighting       | 1 2 3 |  3.0
Axes           | 1 2 3 4 |  4.5
Dodging        | |  1.5
Stealth        | |  1.2
Spellcasting   | |  2.0
Necromancy     | |  4.0

Action                   |  1- 3 |  4- 6 || total
-------------------------+-------+-------++-------
Melee: Unarmed           |    10 |       ||    10
       Hand axe          |    48 |   111 ||   159
       Tailslap          |     8 |    11 ||    19
Throw: Stone             |       |     2 ||     2
 Cast: Pain              |    38 |    20 ||    58
       Animate Skeleton  |       |     3 ||     3
 Abil: Rolling Charge    |     4 |     5 ||     9
  Use: Potion            |       |     4 ||     4
Armor: Robe              |    35 |    35 ||    70
Dodge: Dodged            |    60 |    69 ||   129
Block: Buckler           |       |    10 ||    10

Table legend: (Time is in decaauts)
 A = Elapsed time spent in this place.
 B = Non-inter-level travel time spent in this place.
 C = Inter-level travel time spent in this place.
 D = Time resting spent in this place.
 E = Time spent auto-exploring this place.
 F = Levels seen in this place.
 G = Mean time per level.
                   A        B        C        D        E       F      G
               +--------+--------+--------+--------+--------+-----+--------+
         Total |   3036 |   2935 |    101 |    426 |   1921 |   4 |  759.0 |
       Dungeon |   3036 |   2935 |    101 |    426 |   1921 |   4 |  759.0 |
               +--------+--------+--------+--------+--------+-----+--------+

Top non-repeatable levels by time:
     D:3: 1026 daAuts
     D:2: 1011 daAuts
     D:1: 802 daAuts
     D:4: 195 daAuts
